 Dungeon Crawl Stone Soup version 0.21-a0-524-g614d7e5 (webtiles) character file.

121 Silneus the Gusty (level 4, 0/33 HPs)
             Began as a Draconian Air Elementalist on Dec 6, 2017.
             Slain by an orc wizard
             ... wielding a +0 dagger
              (4 damage)
             ... on level 3 of the Dungeon.
             The game lasted 00:20:46 (2324 turns).

Silneus the Gusty (Draconian Air Elementalist)      Turns: 2324, Time: 00:20:46

Health: 0/33       AC:  7    Str: 10    XL:     4   Next: 77%
Magic:  0/8        EV: 12    Int: 17    God:
Gold:   11         SH:  3    Dex: 11    Spells: 2/8 levels left

rFire    . . .     SeeInvis .   (no weapon)
rCold    . . .     Gourm    .   h - +0 buckler
rNeg     . . .     Faith    .   (armour unavailable)
rPois    .         Spirit   .   i - +2 hat
rElec    .         Reflect  .   (no cloak)
rCorr    .         Harm     .   (no gloves)
MR       .....                  (no boots)
Stlth    ++........             (no amulet)
HPRegen  0.11/turn              (no ring)
MPRegen  0.11/turn              (no ring)

@: very slightly contaminated
A: unfitting armour, cold-blooded, AC +5
a: no special abilities


You were on level 3 of the Dungeon.
You were not hungry.

You visited 1 branch of the dungeon, and saw 3 of its levels.

You collected 11 gold pieces.

Inventory:

Armour
 h - a +0 buckler (worn)
 i - a +2 hat (worn)
Scrolls
 c - 2 scrolls of magic mapping {unknown}
 e - 2 scrolls of amnesia {unknown}
 j - 2 scrolls of identify {unknown}
 l - 2 scrolls of fear {unknown}
Potions
 d - a potion of degeneration {unknown}
 f - a potion of haste {unknown}
 k - a potion of cancellation {unknown}
Books
 a - a book of Air

   Spells                             Type                      Level
   a - Shock                          Conjuration/Air              1
   b - Swiftness                      Charms/Air                   2
   c - Static Discharge               Conjuration/Air              3
   d - Airstrike                      Air                          4
   e - Lightning Bolt                 Conjuration/Air              5
Comestibles
 b - a bread ration
 g - a meat ration
 m - 3 chunks of flesh
 n - 5 fruits


   Skills:
 * Level 2.5 Dodging
 + Level 1.9 Stealth
 * Level 0.6 Shields
 * Level 2.9 Spellcasting
 * Level 2.2 Conjurations
 * Level 3.7 Air Magic


You had 2 spell levels left.
You knew the following spells:

 Your Spells              Type           Power        Failure   Level  Hunger
a - Shock                 Conj/Air       ##..         8%          1    None
b - Swiftness             Chrm/Air       #.......     19%         2    ##.....
c - Static Discharge      Conj/Air       ##......     22%         3    ###....


Dungeon Overview and Level Annotations

Branches:
Dungeon (3/15)

Altars:
Cheibriados
Fedhas
Nemelex Xobeh

Annotations:
D:2 Sigmund


Innate Abilities, Weirdness & Mutations

Your plain brown scales are hard. (AC +5)
You cannot fit into any form of body armour.
You are cold-blooded and may be slowed by cold attacks.


Message History

Casting: Shock
Confirm with . or Enter, or press ? or * to list all spells.
You don't have enough magic to cast that spell.
You miss something. Something hits you but does no damage.
You closely miss something. Something hits you.
Casting: Shock
Confirm with . or Enter, or press ? or * to list all spells.
You can't see any susceptible monsters within range! (Use Z to cast anyway.)
Casting: Shock
Confirm with . or Enter, or press ? or * to list all spells.
Aiming: Shock
Press: ? - help, Shift-Dir - straight line The zap hits something.
Something hits you.
You miss something.
Your tail-slap misses something.
Something hits you but does no damage.
You barely miss something. You tail-slap something. Something hits you.
You completely miss something. Something hits you.
* * * LOW HITPOINT WARNING * * *
You miss something. Something hits you.
You die...

#.#......###.# #.#
#._..# ##.o.).....##.#
#.# #)..##
..............# #.#
##.## .....o....##.# #.#
#.# #.#.....#..†# #<#
#.# ###...)..##.## #.#
#.# .....[..# #.# #)#
#.#
####....###.#####.####.#
####..>....)...{@......#
......########.#########
#####.# #.# #.# #.# #.#
#.# #.# #.# #.# #.# #.#
#.#


There were no monsters in sight!

Vanquished Creatures
  An orc wizard (D:3)
  2 adders
  An adder skeleton (D:3)
  2 dart slugs
  5 orcs (D:3)
  A giant cockroach (D:2)
  9 goblins
  6 hobgoblins
  7 jackals
  A quokka (D:3)
  13 bats
  2 frilled lizards (D:1)
  8 kobolds
  5 rats
63 creatures vanquished.

Notes
Turn   | Place    | Note
-------+----------+-------------------------------------------
     0 | D:1      | Silneus the Draconian Air Elementalist began the quest for the Orb.
     0 | D:1      | Reached XP level 1. HP: 14/14 MP: 3/3
   221 | D:1      | Reached XP level 2. HP: 15/20 MP: 0/5
   737 | D:1      | Reached XP level 3. HP: 26/26 MP: 2/6
  1085 | D:2      | Found a sparkling altar of Nemelex Xobeh.
  1331 | D:2      | Noticed Sigmund
  1650 | D:3      | Found a snail-covered altar of Cheibriados.
  1733 | D:3      | Reached XP level 4. HP: 33/33 MP: 0/7
  2066 | D:3      | Learned a level 2 spell: Swiftness
  2070 | D:3      | Learned a level 3 spell: Static Discharge
  2093 | D:3      | Found a blossoming altar of Fedhas.
  2324 | D:3      | Slain by an orc wizard

Vault maps used:
D:1:      scummos_arrival_checkerplants, grunt_decor_arrowhead
D:2:      lightli_temple_of_fire, nemelex_xobeh_ov_fountains_minmay,
          nicolae_overflow_hidden_temple, uniq_sigmund
D:3:      fedhas_altar_fruit_tree, cheibriados_altar_1

Skill      XL: |  1  2  3 |
---------------+----------+-----
Dodging        | 2 |  2.5
Conjurations   | 2 |  2.2
Stealth        | |  1.9
Shields        | |  0.6
Spellcasting   | |  2.9
Air Magic      | |  3.7

Action                   |  1- 3 |  4- 6 || total
-------------------------+-------+-------++-------
Melee: Unarmed           |    41 |    33 ||    74
       Tailslap          |     3 |     4 ||     7
 Cast: Shock             |    91 |    36 ||   127
  Eat: Chunk             |     4 |     2 ||     6
Armor: Skin              |    40 |    13 ||    53
Dodge: Dodged            |    67 |     4 ||    71
Block: Buckler           |     6 |     3 ||     9

Table legend:
 A = Spawn XP
 B = Non-spawn XP
 C = Spawn XP percentage of total XP
 D = Spawn monster count
 E = Non-spawn monster count
 F = Spawn count percentage of total count
 G = Total turns spent on level
                    A         B        C        D         E        F      G
               +---------+---------+-------+---------+---------+-------+---------
         Total |       0 |     174 |   0.0 |       0 |      63 |   0.0 |  2324
               +---------+---------+-------+---------+---------+-------+---------
           D:1 |       0 |      43 |   0.0 |       0 |      27 |   0.0 |  1035
           D:2 |       0 |      30 |   0.0 |       0 |      11 |   0.0 |   345
           D:3 |       0 |     101 |   0.0 |       0 |      25 |   0.0 |   944
               +---------+---------+-------+---------+---------+-------+---------
